 Dungeon Crawl Stone Soup version 0.28-a0-1435-g82390b3a13 (webtiles) character file.

Game seed: 2582898463524386169

577 grumblor the Chopper (level 7, 0/54 HPs)
             Began as a Vine Stalker Fighter on Jan 10, 2022.
             Was an Initiate of Sif Muna.
             Succumbed to an orc wizard's poison
             ... on level 4 of the Dungeon.
             The game lasted 00:09:50 (3912 turns).

grumblor the Chopper (Vine Stalker Fighter)         Turns: 3912, Time: 00:09:51

Health: 0/54       AC: 13    Str: 21    XL:     7   Next: 35%
Magic:  11/11      EV:  6    Int:  8    God:    Sif Muna [......]
Gold:   271        SH:  4    Dex: 13    Spells: 11/11 levels left

rFire   . . .      SeeInvis .   a - +1 war axe
rCold   . . .      Faith    .   c - +0 buckler
rNeg    . . .      Spirit   +   n - +0 plate armour
rPois   .          Reflect  .   (no helmet)
rElec   .          Harm     .   (no cloak)
rCorr   .          Rampage  .   (no gloves)
Will    .....                   j - +1 pair of boots
Stlth   ..........              (no amulet)
HPRegen 0.98/turn               b - ring of flight
MPRegen 0.12/turn               (no ring)

@: berserking, lethally poisoned (0 -> -13), flying, very quick
A: fangs 2, regeneration 1, magic shield, antimagic bite, no potion heal 2
a: Renounce Religion


You were on level 4 of the Dungeon.
You worshipped Sif Muna.
Sif Muna was noncommittal.
You visited 2 branches of the dungeon, and saw 5 of its levels.
You also visited: Sewer.

You collected 271 gold pieces.

Inventory:

Hand Weapons
 a - a +1 war axe (weapon)
 d - a +2 flail of protection
 e - a +0 broad axe
Missiles
 k - 15 poisoned darts (quivered)
 l - 2 javelins
Armour
 c - a +0 buckler (worn)
 j - a +1 pair of boots (worn)
 n - a +0 plate armour (worn)
Jewellery
 b - a ring of flight (left hand)
Scrolls
 g - 3 scrolls of teleportation
Potions
 h - a potion of lignification {unknown}
 m - a potion of heal wounds {unknown}


   Skills:
 + Level 3.4 Fighting
 + Level 3.8 Axes
 * Level 1.9 Throwing
 + Level 3.4 Armour
 * Level 2.1 Dodging
 + Level 3.3 Shields
 * Level 2.5 Spellcasting
 * Level 1.0 Invocations


You had 11 spell levels left.
You didn't know any spells.
Your spell library contained the following spells:

 Spells                   Type           Power      Damage    Failure   Level
 Apportation              Tloc           2%         N/A       100%        1
 Slow                     Hex            4%         N/A       100%        1
 Confusing Touch          Hex            1%         N/A       100%        3
 Vampiric Draining        Necr           1%         2d6       100%        3
 Alistair's Intoxication  Tmut/Pois      0%         N/A       100%        5


Dungeon Overview and Level Annotations

Branches:
Dungeon (4/15)             Temple (1/1) D:4           Sewer (visited)

Altars:
Ashenzari
Cheibriados
Dithmenos
Elyvilon
Fedhas
Gozag
Hepliaklqana
Kikubaaqudgha
Nemelex Xobeh
Okawaru
Qazlal
Ru
Sif Muna
Trog
Uskayaw
Vehumet
Wu Jian
Xom
Zin
The Shining One


Innate Abilities, Weirdness & Mutations

You have extremely sharp teeth.
Your natural rate of healing is unusually fast.
When hurt, damage is shared between your health and your magic reserves.
Your bite disrupts and absorbs the magic of your enemies.
Potions cannot restore your health.


Message History

You feel very sick. You block something's attack.
You miss something. You bite something.
You feel very sick.
You miss something. Your bite misses something.
You feel sick. Something hits you but does no damage.
You are more poisoned.
You barely miss something. Your bite misses something.
You feel very sick. Something hits you but does no damage.
You are lethally poisoned!
You closely miss something.
* * * LOW HITPOINT WARNING * * *
You feel very sick. You block something's attack.
Unknown command.
It was a potion of curing.
Your system rejects the healing.
You feel better. Something hits you.
* * * LOW HITPOINT WARNING * * *
You are lethally poisoned!
Unknown command.
Your system rejects the healing.
You feel better. Something hits you but does no damage.
You are poisoned.
You barely miss something. You bite something. You drain its magic.
You feel invigorated.
* * * LOW HITPOINT WARNING * * *
You feel very sick. Something hits you but does no damage.
You are lethally poisoned!
You block something's attack.
You hit something. Your bite misses something.
* * * LOW HITPOINT WARNING * * *
You feel very sick. Something hits you but does no damage.
You are more poisoned.
Unknown command.
A red film seems to cover your vision as you go berserk!
You feel yourself moving faster!
You feel mighty!
You die...

........#
##......#
#†[.....#
###
...#....#
..#
......###
#.#
..#.#.##
#.#
.......###
#g#
.#...#...#
#{#
.......#...
#@#####
...>.....#.
#.....#
.......#...
#####.#
.#...#...##
#.#
.......###
#.#
..#.#.##
#.# ......#
#.# ##.#.##
#.# .....#
#.#


You could see a goblin.

Vanquished Creatures
  Edmund (D:4)
  A phantom (D:4)
  An orc priest (D:4)
  2 orc wizards (D:4)
  A merfolk siren (Sewer)
  A merfolk avatar (Sewer)
  4 gnolls (D:3)
  7 adders
  2 river rats
  4 worms
  A dart slug (D:3)
  11 orcs
  5 endoplasms
  9 giant cockroaches
  8 hobgoblins
  2 jackals (D:1)
  12 quokkas
  8 ball pythons
  3 bats
  5 frilled lizards
  8 goblins
  7 kobolds
  22 rats
  A spectral hobgoblin (D:2)
126 creatures vanquished.

Vanquished Creatures (others)
  5 toadstools (D:1)
5 creatures vanquished.

Grand Total: 131 creatures vanquished

Notes
Turn   | Place    | Note
-------+----------+-------------------------------------------
     0 | D:1      | grumblor the Vine Stalker Fighter began the quest for the
                  | Orb.
     0 | D:1      | Reached XP level 1. HP: 11/11 MP: 2/2
   175 | D:1      | Reached XP level 2. HP: 15/16 MP: 3/3
   935 | D:1      | Reached XP level 3. HP: 16/19 MP: 3/5
  1272 | D:2      | Found a faded altar of an unknown god.
  1671 | D:2      | Reached skill level 1 in Spellcasting
  1690 | D:2      | Gained mutation: Your natural rate of healing is unusually
                  | fast. [Vine Stalker growth]
  1690 | D:2      | Reached XP level 4. HP: 12/24 MP: 6/6
  2123 | D:3      | Reached skill level 1 in Dodging
  2357 | D:3      | Reached XP level 5. HP: 23/28 MP: 6/8
  2374 | D:3      | Reached skill level 1 in Throwing
  2436 | D:3      | Found a glowing drain.
  2440 | Sewer    | Entered a sewer
  2533 | Sewer    | Reached XP level 6. HP: 19/32 MP: 8/10
  3384 | D:4      | Found a staircase to the Ecumenical Temple.
  3393 | Temple   | Entered the Ecumenical Temple
  3633 | Temple   | Became a worshipper of Sif Muna the Loreminder
  3719 | D:4      | Noticed Edmund
  3763 | D:4      | Killed Edmund
  3764 | D:4      | Reached XP level 7. HP: 24/36 MP: 9/11
  3894 | D:4      | Reached skill level 1 in Invocations
  3912 | D:4      | Succumbed to an orc wizard's poison

Illustrated notes

Levels and vault maps discovered:
D:1:      matt_arrival_grand_opening, layout_loops_ring,
          minmay_gold_behind_fungi
D:2:      layout_rooms, dreamdust_ecumenical_altar_drowned_temple
D:3:      layout_basic, gup_sewer_entry_spiral
D:4:      layout_basic, minmay_temple_entry_sparse_star, serial_shops, shop,
          grunt_ministairs_7, uniq_edmund
Temple:   mainiacjoe_temple_starburst

Skill      XL: |  1  2  3  4  5  6  7 |
---------------+----------------------+-----
Axes           | 2 3 |  3.8
Fighting       | 3 |  3.4
Spellcasting   | 1 2 |  2.5
Dodging        | 1 2 |  2.1
Armour         | 3 |  3.4
Throwing       | 1 |  1.9
Shields        | 3 |  3.3
Invocations    | 1 |  1.0

Action                   |  1- 3 |  4- 6 |  7- 9 || total
-------------------------+-------+-------+-------++-------
Melee: War axe           |    95 |   228 |    27 ||   350
       Bite              |    16 |    48 |    10 ||    74
       Broad axe         |       |     3 |       ||     3
Throw: Dart              |       |    13 |       ||    13
       Javelin           |       |     3 |       ||     3
  Use: Scroll            |     3 |     2 |     1 ||     6
       Potion            |       |     2 |     3 ||     5
Armor: Scale mail        |    45 |    59 |       ||   104
       Plate armour      |       |    48 |    17 ||    65
Dodge: Dodged            |    34 |    90 |     1 ||   125
Block: Buckler           |    23 |    46 |     3 ||    72

Table legend: (Time is in decaauts)
 A = Elapsed time spent in this place.
 B = Non-inter-level travel time spent in this place.
 C = Inter-level travel time spent in this place.
 D = Time resting spent in this place.
 E = Time spent auto-exploring this place.
 F = Levels seen in this place.
 G = Mean time per level.
                   A        B        C        D        E       F      G
               +--------+--------+--------+--------+--------+-----+--------+
         Total |   4167 |   4008 |    159 |      0 |   2834 |   6 |  694.5 |
       Dungeon |   3294 |   3191 |    103 |      0 |   2394 |   4 |  823.5 |
        Temple |    296 |    240 |     56 |      0 |    232 |   1 |  296.0 |
         Sewer |    576 |    576 |      0 |      0 |    207 |   1 |  576.0 |
               +--------+--------+--------+--------+--------+-----+--------+

Top non-repeatable levels by time:
     D:1: 1181 daAuts
     D:2: 948 daAuts
     D:3: 828 daAuts
   Sewer: 576 daAuts
     D:4: 336 daAuts
  Temple: 296 daAuts
